 Dungeon Crawl Stone Soup version 0.21-a0-516-gaaff437 (webtiles) character file.

4732 Gildeon the Cleaver (level 10, -5/85 HPs)
             Began as a Minotaur Fighter on Dec 3, 2017.
             Was a High Priest of Okawaru.
             Killed from afar by a gargoyle (12 damage)
             ... with a stone arrow
             ... on level 8 of the Dungeon.
             The game lasted 00:32:20 (6749 turns).

Gildeon the Cleaver (Minotaur Fighter)              Turns: 6749, Time: 00:32:21

Health: -5/85      AC: 21    Str: 22    XL:     10   Next: 22%
Magic:  9/9        EV: 13    Int:  7    God:    Okawaru [*****.]
Gold:   1107       SH: 10    Dex: 15    Spells: 9/9 levels left

rFire    . . .     SeeInvis +   a - +3 hand axe (flame)
rCold    . . .     Gourm    .   w - +0 shield
rNeg     . . .     Faith    .   G - +4 chain mail of the Evening Star {rPois SInv}
rPois    +         Spirit   .   (helmet restricted)
rElec    .         Reflect  .   (no cloak)
rCorr    +         Harm     .   i - +2 pair of gloves
MR       +....                  B - +0 pair of boots
Stlth    ..........             (no amulet)
HPRegen  0.24/turn              k - ring of protection from magic
MPRegen  0.11/turn              C - ring of resist corrosion

@: agile, very slow
A: retaliatory headbutt, hooves 1, horns 2, rugged brown scales 1, yellow scales
1, blurry vision 1, screaming 1, subdued magic 1
a: Heroism, Finesse, Renounce Religion


You were on level 8 of the Dungeon.
You worshipped Okawaru.
Okawaru was extremely pleased with you.
You were not hungry.

You visited 1 branch of the dungeon, and saw 8 of its levels.
You also visited: Bailey.

You collected 1107 gold pieces.

Inventory:

Hand Weapons
 a - a +3 hand axe of flaming (weapon)
 b - a +3 flail of crushing
Missiles
 j - 51 tomahawks of returning (quivered)
Armour
 i - a +2 pair of gloves (worn)
 w - a +0 shield (worn)
 B - a +0 pair of boots (worn)
 G - the +4 chain mail of the Evening Star (worn) {rPois SInv}
   (You found it on level 8 of the Dungeon)

   It protects you from poison.
   It lets you see invisible.
Jewellery
 k - a ring of protection from magic (left hand)
 v - an uncursed ring of positive energy
 C - a ring of resist corrosion (right hand)
Wands
 c - a wand of flame (14)
 D - a wand of disintegration (10)
Scrolls
 m - 6 scrolls of teleportation
 p - a scroll of blinking
 s - 4 scrolls of remove curse
 u - a scroll of fog
 y - a scroll of magic mapping
 z - a scroll of holy word
 E - a scroll of identify
Potions
 d - a potion of magic
 e - 3 potions of agility
 g - a potion of curing
 n - 2 potions of brilliance
 o - a potion of cancellation
 r - 2 potions of ambrosia
 x - a potion of mutation {unknown}
Comestibles
 f - 6 bread rations
 l - 7 royal jellies
 q - 3 meat rations
 t - 5 fruits


   Skills:
 - Level 5.7 Fighting
 - Level 14.0 Axes
 - Level 5.0 Throwing
 - Level 5.4 Armour
 + Level 5.3 Dodging
 - Level 3.6 Shields


You had 9 spell levels left.
You didn't know any spells.

Dungeon Overview and Level Annotations

Branches:
Dungeon (8/15)             Temple (0/1) D:5            Lair (0/6) D:8

Altars:
Ashenzari
Dithmenos
Gozag
Hepliaklqana
Makhleb
Okawaru
Trog
Vehumet
Wu Jian
The Shining One


Innate Abilities, Weirdness & Mutations

You reflexively headbutt those who attack you in melee.
You have a pair of horns on your head.
You have large cloven feet.
You are partially covered in rugged brown scales. (AC +1, +3% HP)
You are partially covered in yellow scales. (AC +2)
Scrolls take you a little longer to read.
You occasionally shout uncontrollably at your foes.
Your spells are a little easier to cast, but a little less powerful.


Message History

The gargoyle hurls a stone arrow at you.
The stone arrow hits you!
* * * LOW HITPOINT WARNING * * *
The orc priest looks satisfied for a moment.
You hit the orc priest. You burn the orc priest.
You kill the orc priest!
Okawaru accepts your kill.
You hit the gargoyle but do no damage.
The gargoyle hurls a stone arrow at you.
You block the stone arrow.
You enter the shallow water.
Moving in this stuff is going to be slow.
The gargoyle hurls a stone arrow at you.
The stone arrow hits you!
* * * LOW HITPOINT WARNING * * *
You hit the gargoyle but do no damage. You headbutt the gargoyle.
The gargoyle is severely damaged.
The gargoyle hurls a stone arrow at you.
The stone arrow hits you!
You die...

#.......######............
#.............########....
#####.≈≈≈≈≈≈≈.# #####.....
#########.≈#####≈.# #...(.###.
#.........≈#...#≈.###.####..†.
#.....[...≈).∩.#≈.......<).###
#........))#...#≈..#.#########
#.......).≈#####≈......#.....#
#.........≈≈≈@≈≈≈.............
#######......9.†...†).........
#####.#)#)....))........
#....#..............
####.).....)........
###..............
#......(.....?.
##.......)..... ##.........>.#


You could see a gargoyle.

Vanquished Creatures
  An orc knight (Bailey)
  The ghost of anet the Magician, a novice DEWz (D:6)
  The ghost of Gildeon the Cleaver, an amateur MiFi (D:3)
  A hornet (D:8)
  A hippogriff (D:7)
  A spriggan (D:7)
  Eustachio (D:6)
  Edmund (D:6)
  4 orc warriors
  An ice beast (D:5)
  2 sky beasts (D:8)
  3 black bears
  4 ogres
  3 centaurs
  A bullfrog (D:8)
  A wyvern zombie (D:8)
  2 scorpions (D:6)
  7 wights (D:6)
  2 howler monkeys
  A centaur zombie (D:5)
  2 hounds
  A quasit (D:6)
  2 jellies
  5 orc priests
  3 orc wizards
  A centaur skeleton (D:4)
  Natasha (D:2)
  An iguana (D:6)
  2 worker ants
  A hound zombie (D:8)
  Robin (D:2)
  6 gnolls
  3 howler monkey skeletons
  10 adders
  A shadow imp (D:7)
  An ooze (D:2)
  An adder zombie (D:6)
  5 worms
  3 dart slugs
  6 leopard geckos
  12 orcs
  3 ball pythons
  5 bats
  9 giant cockroaches
  20 goblins
  14 hobgoblins
  9 jackals
  25 kobolds
  3 quokkas
  7 frilled lizards
  A jackal zombie (D:8)
  A leopard gecko skeleton (D:4)
  6 rats
210 creatures vanquished.

Notes
Turn   | Place    | Note
-------+----------+-------------------------------------------
     0 | D:1      | Gildeon the Minotaur Fighter began the quest for the Orb.
     0 | D:1      | Reached XP level 1. HP: 19/19 MP: 0/0
    99 | D:1      | Reached skill level 3 in Axes
   125 | D:1      | Reached XP level 2. HP: 26/26 MP: 1/1
   332 | D:1      | Reached skill level 4 in Axes
   401 | D:1      | Reached XP level 3. HP: 31/31 MP: 2/2
   597 | D:1      | You fall through a shaft!
   601 | D:2      | Noticed Robin
   624 | D:2      | Reached skill level 5 in Axes
   632 | D:2      | Killed Robin
   632 | D:2      | Reached XP level 4. HP: 36/39 MP: 3/3
  1008 | D:2      | Reached skill level 6 in Axes
  1424 | D:2      | Noticed Natasha
  1430 | D:2      | Killed Natasha
  1430 | D:2      | Reached XP level 5. HP: 45/45 MP: 4/4
  1553 | D:2      | Found a shadowy altar of Dithmenos.
  1560 | D:2      | Found a bloodstained altar of Trog.
  1565 | D:2      | Found an iron altar of Okawaru.
  1569 | D:2      | Became a worshipper of Warmaster Okawaru
  1575 | D:2      | Found a hazy altar of Hepliaklqana.
  1580 | D:2      | Found a glowing golden altar of the Shining One.
  1587 | D:2      | Found an opulent altar of Gozag.
  1592 | D:2      | Found a shattered altar of Ashenzari.
  1680 | D:3      | Reached skill level 7 in Axes
  1862 | D:3      | Noticed Gildeon's ghost (amateur MiFi)
  1876 | D:3      | Killed Gildeon's ghost
  1876 | D:3      | Reached * piety under Okawaru
  1876 | D:3      | Reached skill level 8 in Axes
  1876 | D:3      | Reached XP level 6. HP: 13/51 MP: 5/5
  2619 | D:4      | Reached skill level 9 in Axes
  2621 | D:4      | Reached XP level 7. HP: 57/57 MP: 6/6
  2981 | D:4      | Reached ** piety under Okawaru
  2981 | D:4      | Reached skill level 10 in Axes
  3191 | D:5      | Entered Level 5 of the Dungeon
  3392 | D:5      | Found a staircase to the Ecumenical Temple.
  3397 | D:5      | Found a radiant altar of Vehumet.
  3722 | D:5      | Reached skill level 11 in Axes
  3722 | D:5      | Reached XP level 8. HP: 42/64 MP: 7/7
  4114 | D:6      | Noticed Edmund
  4128 | D:6      | Killed Edmund
  4147 | D:6      | Reached skill level 12 in Axes
  4224 | D:6      | Reached *** piety under Okawaru
  4227 | D:6      | Noticed anet's ghost (novice DEWz)
  4240 | D:6      | Noticed Eustachio
  4245 | D:6      | Killed anet's ghost
  4245 | D:6      | Reached skill level 13 in Axes
  4264 | D:6      | Killed Eustachio
  4264 | D:6      | Reached XP level 9. HP: 25/70 MP: 8/8
  4524 | D:6      | Reached skill level 14 in Axes
  4574 | D:6      | Found an ornate altar of the Wu Jian Council.
  4666 | D:6      | Found a burning altar of Makhleb.
  4905 | D:7      | Reached skill level 5 in Fighting
  5963 | D:8      | Reached **** piety under Okawaru
  5970 | D:8      | Reached skill level 5 in Throwing
  6009 | D:8      | Found a staircase to the Lair.
  6074 | D:8      | Found a flagged portal.
  6102 | D:8      | Reached skill level 5 in Armour
  6129 | D:8      | Got a polished chain mail
  6146 | D:8      | Identified the +4 chain mail of the Evening Star {rPois SInv} (You found it on level 8 of the Dungeon)
  6161 | D:8      | Gained mutation: You occasionally shout uncontrollably at your foes. [mutagenic meat]
  6162 | D:8      | Gained mutation: You are partially covered in rugged brown scales. (AC +1, +3% HP) [mutagenic meat]
  6163 | D:8      | Gained mutation: You are partially covered in yellow scales. (AC +2) [mutagenic meat]
  6164 | D:8      | Gained mutation: Scrolls take you a little longer to read. [mutagenic meat]
  6165 | D:8      | Gained mutation: Your spells are a little easier to cast, but a little less powerful. [mutagenic meat]
  6166 | D:8      | Gained mutation: You have large cloven feet. [mutagenic meat]
  6176 | Bailey   | Entered a bailey
  6206 | Bailey   | Noticed an orc knight
  6209 | Bailey   | Reached skill level 1 in Dodging
  6234 | Bailey   | Reached XP level 10. HP: 30/85 MP: 9/9
  6250 | Bailey   | Killed an orc knight
  6250 | Bailey   | Reached ***** piety under Okawaru
  6716 | D:8      | Noticed a gargoyle
  6733 | D:8      | Reached skill level 5 in Dodging
  6749 | D:8      | Killed from afar by a gargoyle

Vault maps used:
D:1:      dpeg_arrival_central, feat_on_display
D:2:      grunt_temple_overflow_octagram, serial_forest,
          infiniplex_forest_straight_3, infiniplex_forest_lined_room_3,
          infiniplex_forest_lined_room_2, infiniplex_forest_clump_small,
          infiniplex_forest_lined_room_3, infiniplex_forest_lined_room_3,
          first_bread, uniq_natasha, uniq_robin
D:4:      minmay_misc_feat_rows
D:5:      vehumet_altar_wand_db, minmay_temple_entry_overgrown
D:6:      old_standard_altar, lemuel_doored_altar, uniq_eustachio, uniq_edmund
D:7:      the_bakery
D:8:      gammafunk_temple_overflow_forgotten, dpeg_oklobed_lair, enter_bailey_3
Bailey:   bailey_axe_1, bailey

Skill      XL: |  1  2  3  4  5  6  7  8  9 10 |
---------------+-------------------------------+-----
Axes           | 3 4 5 6 8 9 11 13 14 | 14.0
Fighting       | 5 |  5.7
Throwing       | 5 |  5.0
Armour         | 5 |  5.4
Dodging        | 2 5 |  5.3
Shields        | |  3.6

Action                   |  1- 3 |  4- 6 |  7- 9 | 10-12 || total
-------------------------+-------+-------+-------+-------++-------
Melee: War axe           |    59 |    44 |       |       ||   103
       Headbutt          |     7 |    17 |    49 |    14 ||    87
       Hand axe          |       |    82 |   258 |    53 ||   393
Throw: Tomahawk          |       |       |    53 |    38 ||    91
       Javelin           |       |       |     5 |       ||     5
Evoke: Wand              |       |       |    11 |     1 ||    12
  Use: Scroll            |     9 |     4 |    13 |       ||    26
       Potion            |       |     2 |     3 |     6 ||    11
  Eat: Chunk             |       |     1 |    11 |       ||    12
       Bread ration      |       |     1 |     2 |       ||     3
Armor: Scale mail        |    39 |    44 |    22 |       ||   105
       Chain mail        |       |       |    94 |    32 ||   126
Dodge: Dodged            |    28 |    19 |    61 |    24 ||   132
Block: Shield            |    48 |    63 |    97 |    34 ||   242

Table legend:
 A = Spawn XP
 B = Non-spawn XP
 C = Spawn XP percentage of total XP
 D = Spawn monster count
 E = Non-spawn monster count
 F = Spawn count percentage of total count
 G = Total turns spent on level
                    A         B        C        D         E        F      G
               +---------+---------+-------+---------+---------+-------+---------
         Total |       0 |    6761 |   0.0 |       0 |     210 |   0.0 |  6749
               +---------+---------+-------+---------+---------+-------+---------
           D:1 |       0 |      43 |   0.0 |       0 |      23 |   0.0 |   719
           D:2 |       0 |     183 |   0.0 |       0 |      36 |   0.0 |   931
           D:3 |       0 |     434 |   0.0 |       0 |      27 |   0.0 |   955
           D:4 |       0 |     353 |   0.0 |       0 |      22 |   0.0 |   586
           D:5 |       0 |     481 |   0.0 |       0 |       9 |   0.0 |   874
           D:6 |       0 |    1977 |   0.0 |       0 |      25 |   0.0 |   811
           D:7 |       0 |     899 |   0.0 |       0 |      14 |   0.0 |  1077
           D:8 |       0 |    1293 |   0.0 |       0 |      22 |   0.0 |   303
        Bailey |       0 |    1098 |   0.0 |       0 |      32 |   0.0 |   493
               +---------+---------+-------+---------+---------+-------+---------
